 Dungeon Crawl Stone Soup version 0.32-a0-841-g4648e6c (webtiles) character file.

Game seed: 6555992765821129934

90 Dorkslayer the Trooper (level 4, -2/31 HPs)
             Began as an Octopode Fighter on Mar 26, 2024.
             Slain by an orc
             ... wielding a +0 flail
              (7 damage)
             ... on level 3 of the Dungeon.
             The game lasted 00:03:55 (1632 turns).

Dorkslayer the Trooper (Octopode Fighter)           Turns: 1632, Time: 00:03:56

Health: -2/31      AC:  1    Str: 17    XL:     4   Next: 56%
Magic:  13/13      EV: 12    Int: 10    God:
Gold:   150        SH:  4    Dex: 11    Spells: 3/3 levels left

rFire   . . .        a - +0 war axe
rCold   + . .        b - +0 buckler
rNeg    . . .        (helmet restricted)
rPois   .            j - amulet of magic regeneration
rElec   .            k - ring of magical power
rCorr   .            l - ring of protection from cold
SInv    .            (no ring)
Will    .....        (no ring)
Stlth   +++          (no ring)
HPRegen 0.25/turn    (no ring)
MPRegen 0.53/turn    (no ring)
                     (no ring)

%: no passive effects
@: no status effects
A: almost no armour, amphibious, 8 rings, camouflage 1, gelatinous body 1,
(nimble swimmer 1), tentacles
a: no special abilities


You were on level 3 of the Dungeon.
You visited 1 branch of the dungeon, and saw 3 of its levels.

You collected 150 gold pieces.

Inventory:

Hand Weapons
 a - a +0 war axe (weapon)
Armour
 b - a +0 buckler (worn)
Jewellery
 j - an amulet of magic regeneration (around mantle)
 k - a ring of magical power (left tentacle)
 l - a ring of protection from cold (right tentacle)
Talismans
 e - a storm talisman
Scrolls
 d - a scroll of vulnerability
 i - 2 scrolls of identify
Potions
 c - a potion of might
 f - a potion of berserk rage
 g - a potion of invisibility
 h - a potion of attraction


   Skills:
 + Level 3.5 Fighting
 + Level 2.6 Axes
 + Level 3.4 Dodging
 + Level 1.7 Stealth
 + Level 3.4 Shields
 * Level 1.0 Shapeshifting


You had 3 spell levels left.
You didn't know any spells.
Your spell library contained the following spells:

 Spells                   Type           Power      Damage    Failure   Level
 Magic Dart               Conj           0%         1d3       43%         1
 Searing Ray              Conj           0%         2d4       58%         2
 Call Canine Familiar     Summ           0%         N/A       82%         3
 Passwall                 Erth           0%         N/A       82%         3
 Sigil of Binding         Hex            0%         N/A       82%         3
 Volatile Blastmotes      Fire/Tloc      0%         2d10      82%         3
 Dimensional Bullseye     Hex/Tloc       0%         N/A       99%         4
 Fulminant Prism          Conj/Alch      0%         3d5       99%         4
 Bombard                  Conj/Erth      0%         9d1       100%        6


Dungeon Overview and Level Annotations

Branches:
Dungeon (3/15)

Altars:
The Shining One


Innate Abilities, Weirdness & Mutations

You cannot wear most types of armour.
You are amphibious.
You can wear up to eight rings at the same time.
Your skin changes colour to match your surroundings (Stealth+).
Your rubbery body absorbs attacks. (AC +1, EV +1)
((You are camouflaged when in or above water. (Stealth+)))
You have tentacles for arms and can constrict up to eight enemies at once.


Message History

You barely miss the orc.
The orc shouts!
Your grab misses the orc. Your squeeze misses the orc.
The orc is severely wounded.
You hit the orc. The orc barely misses you.
The orc hits you with a +0 hand axe. x2; The orc hits you with a +0 club.
* * * LOW HITPOINT WARNING * * *
You completely miss the orc. Your grab misses the orc.
The orc is severely wounded.
You closely miss the hobgoblin. You hit the orc but do no damage.
The hobgoblin misses you. You block the orc's attack.
The orc hits you with a +0 hand axe.
* * * LOW HITPOINT WARNING * * *
Unknown command.
You hit the hobgoblin. Your grab misses the hobgoblin.
The hobgoblin is moderately wounded.
You hit the orc but do no damage. You slash the orc!
You kill the orc!
The hobgoblin hits you.
* * * LOW HITPOINT WARNING * * *
The orc misses you.
You slash the orc!
You kill the orc!
You closely miss the hobgoblin. The hobgoblin closely misses you.
You block the hobgoblin's attack.
Unknown command.
Okay, then.
The hobgoblin attacks as it pursues you!
The hobgoblin hits you but does no damage.
You barely miss the hobgoblin. Your grab misses the hobgoblin.
The hobgoblin is moderately wounded.
The hobgoblin barely misses you.
You closely miss the hobgoblin. You grab the hobgoblin.
The hobgoblin is moderately wounded.
You constrict the hobgoblin.
You kill the hobgoblin!
You hit the orc. Your grab misses the orc. You squeeze the orc.
The orc is severely wounded.
The orc hits you with a +0 flail!
You die...

...... .......
....... ....... .....
### ###.#. ##.##
##.....#### ##.#.##
......))o@###.###.##
......))#....## ##.#
##.###)...###.###.##
#.....#### #.#..#
###### #.#.# ..#
#.#.# #.# ###...# #.#
#.....#
#######.#######.#.#.#


You could see an orc.

Vanquished Creatures
  2 adders (D:2)
  2 ribbon worms (D:2)
  2 dart slugs (D:1)
  5 orcs (D:3)
  9 bats
  4 endoplasms
  2 giant cockroaches (D:1)
  4 goblins
  4 hobgoblins
  6 jackals (D:1)
  4 quokkas
  2 frilled lizards
  2 kobolds
  7 rats
55 creatures vanquished.

Notes
Turn   | Place    | Note
-------+----------+-------------------------------------------
     0 | D:1      | Dorkslayer the Octopode Fighter began the quest for the
                  | Orb.
     0 | D:1      | Reached XP level 1. HP: 16/16 MP: 1/1
    27 | D:1      | Reached XP level 2. HP: 12/21 MP: 2/2
   212 | D:1      | Reached XP level 3. HP: 18/26 MP: 3/3
   627 | D:2      | Found a glowing golden altar of the Shining One.
   779 | D:2      | Found a faded altar of an unknown god.
   791 | D:2      | Reached skill level 1 in Stealth
   813 | D:2      | Reached XP level 4. HP: 12/31 MP: 4/4
  1132 | D:2      | Reached skill level 1 in Shapeshifting
  1195 | D:2      | Identified the +8 whip of the Lamprey {spect, Dex+5 Stlth-}
  1632 | D:3      | Slain by an orc

Illustrated notes

Levels and vault maps discovered:
D:1:      minmay_arrival_four_circles, layout_rooms, minmay_strange_pillars
D:2:      layout_basic, ebering_ecumenical_altar_sacrificial, basic_altar
D:3:      minmay_door_path, layout_loops_ring, uniq_jessica

Skill      XL: |  1  2  3  4 |
---------------+-------------+-----
Stealth        | 1 |  1.7
Shapeshifting  | 1 |  1.0
Fighting       | |  3.5
Axes           | |  2.6
Dodging        | |  3.4
Shields        | |  3.4

Action                     |  1- 3 |  4- 6 || total
---------------------------+-------+-------++-------
  Melee: War axe           |    68 |    27 ||    95
         Constrict         |    19 |     7 ||    26
         Tentacles         |    12 |     5 ||    17
    Use: Scroll            |       |     6 ||     6
   Stab: Sleeping          |     3 |     2 ||     5
 Armour: Skin              |    40 |    23 ||    63
  Dodge: Dodged            |    47 |    15 ||    62
  Block: Buckler           |    12 |     9 ||    21

Table legend: (Time is in decaauts)
 A = Elapsed time spent in this place.
 B = Non-inter-level travel time spent in this place.
 C = Inter-level travel time spent in this place.
 D = Time resting spent in this place.
 E = Time spent auto-exploring this place.
 F = Levels seen in this place.
 G = Mean time per level.
                   A        B        C        D        E       F      G
               +--------+--------+--------+--------+--------+-----+--------+
         Total |   1670 |   1670 |      0 |      0 |    953 |   3 |  556.7 |
       Dungeon |   1670 |   1670 |      0 |      0 |    953 |   3 |  556.7 |
               +--------+--------+--------+--------+--------+-----+--------+

Top non-repeatable levels by time:
     D:2: 1084 daAuts
     D:1: 505 daAuts
     D:3: 79 daAuts
